 Seeded DCSS version 0.31-a0-986-g5e6e4ef867 (webtiles) character file.

Game seed: 10330998962624985796 (custom seed)

106 Hubris850 the Chiller (level 4, -2/33 HPs)
             Began as a Merfolk Ice Elementalist on Nov 14, 2023.
             Succumbed to a scorpion's poison
             ... on level 4 of the Dungeon.
             The game lasted 00:06:28 (2720 turns).

Hubris850 the Chiller (Merfolk Ice Elementalist)    Turns: 2720, Time: 00:06:29

Health: -2/33      AC:  3    Str: 13    XL:     4   Next: 84%
Magic:  7/7        EV: 13    Int: 18    God:
Gold:   93         SH:  0    Dex: 14    Spells: 6/7 levels left

rFire   . . .        j - +6 dagger "Kuagoppao" {freeze, Will+ Str+5 Int+2}
rCold   . . .        (no shield)
rNeg    . . .        h - +0 leather armour
rPois   .            (no helmet)
rElec   .            (no cloak)
rCorr   .            (no gloves)
SInv    .            (no boots)
Will    +....        (no amulet)
Stlth   ++           (no ring)
HPRegen 0.25/turn    (no ring)
MPRegen 0.10/turn

%: no passive effects
@: lethally poisoned (-2 -> -17)
A: (nimble swimmer 2), mertail
a: no special abilities


You were on level 4 of the Dungeon.
You visited 1 branch of the dungeon, and saw 4 of its levels.

You collected 213 gold pieces.
You spent 120 gold pieces at shops.

Inventory:

Hand Weapons
 j - the +6 dagger "Kuagoppao" (weapon) {freeze, Will+ Str+5 Int+2}
   (You found it on level 2 of the Dungeon)

   Str+5:     It affects your strength (+5).
   Int+2:     It affects your intelligence (+2).
   Will+:     It increases your willpower.
Missiles
 q - 5 boomerangs (quivered)
Armour
 a - a +0 robe
 h - a +0 leather armour (worn)
Wands
 m - a wand of iceblast (10)
Scrolls
 d - a scroll of teleportation {unknown}
 e - 3 scrolls of blinking {unknown}
 f - a scroll of noise {unknown}
 i - 2 scrolls of identify {unknown}
 l - 2 scrolls of enchant armour {unknown}
 n - a scroll of enchant weapon {unknown}
 r - a scroll of torment {unknown}
 s - a scroll of revelation {unknown}
Potions
 b - a potion of magic
 c - a potion of curing
 g - a potion of cancellation {unknown}
 k - a potion of heal wounds {unknown}
 o - a potion of mutation {unknown}
 p - a potion of enlightenment {unknown}


   Skills:
 + Level 2.0 Fighting
 + Level 2.2 Short Blades
 + Level 0.7 Throwing
 + Level 3.9 Dodging
 + Level 3.3 Stealth
 - Level 2.0 Spellcasting
 - Level 4.3 Ice Magic


You had 6 spell levels left.
You knew the following spells:

 Your Spells              Type           Power      Damage    Failure   Level
a - Freeze                Ice            68%        1d8       3%          1

Your spell library contained the following spells:

 Spells                   Type           Power      Damage    Failure   Level
 Frozen Ramparts          Ice            34%        1d6       12%         3
 Ozocubu's Armour         Ice            17%        N/A       12%         3
 Slow                     Hex            4%         N/A       22%         1
 Confusing Touch          Hex            1%         N/A       56%         3
 Sigil of Binding         Hex            1%         N/A       56%         3
 Vampiric Draining        Necr           1%         2d6       56%         3
 Summon Ice Beast         Ice/Summ       9%         N/A       67%         4


Dungeon Overview and Level Annotations

Branches:
Dungeon (4/15)
 Temple: D:4-7

Altars:

Shops:
D:3 (:?

Annotations:
D:4 3 runed translucent doors, Hubris850's ghost, amateur MfIE


Innate Abilities, Weirdness & Mutations

((You are very nimble when in or above water. (Stealth+, EV+, Speed+++)))
Your lower body shifts to a powerful aquatic tail in water.


Message History

You barely miss the scorpion.
The scorpion is moderately wounded.
You feel sick. The scorpion stings you.
You are more poisoned.
The scorpion poisons you!
You hit the scorpion. You freeze the scorpion.
The scorpion is moderately wounded.
You feel very sick. The scorpion misses you.
You hit the scorpion but do no damage.
The scorpion is moderately wounded.
You feel sick. The scorpion closely misses you.
You closely miss the scorpion.
The scorpion is moderately wounded.
You feel sick.
The scorpion stings you but does no damage.
You hit the scorpion. You freeze the scorpion.
The scorpion is almost dead.
You feel sick. The scorpion stings you.
* * * LOW HITPOINT WARNING * * *
You are lethally poisoned!
The scorpion poisons you!
It was a potion of curing.
You feel better. The scorpion stings you.
You are poisoned.
The scorpion poisons you!
You hit the scorpion but do no damage.
The scorpion is almost dead.
You feel sick. The scorpion completely misses you.
You barely miss the scorpion.
The scorpion is almost dead.
You feel sick. The scorpion barely misses you.
You completely miss the scorpion.
The scorpion is almost dead.
You feel sick. The scorpion misses you. The scorpion stings you.
* * * LOW HITPOINT WARNING * * *
You are more poisoned.
The scorpion poisons you!
You puncture the scorpion! You freeze the scorpion.
You kill the scorpion!
You die...

..........# ##..#
#8#..8..#8#.#
##...#.###..o.o###.#
#####....#....#####oooo#
........#o....ooooooWo#
.####...(..######+++######
.o......#..8.............8
..........................
.........@...............#
......#.>.................
..... #...................
.... ##.......##...##....
... #........#8...8#....
.. #........##...##.... #
#........##...######
#........##...##
#.########8...8#


You could see an orc priest.

Vanquished Creatures
  A scorpion (D:4)
  3 gnolls
  3 adders
  2 dart slugs
  An orc (D:3)
  6 endoplasms
  2 giant cockroaches (D:2)
  4 goblins
  5 hobgoblins
  2 jackals (D:4)
  2 kobolds (D:2)
  2 quokkas
  3 ball pythons
  7 bats
  3 frilled lizards
46 creatures vanquished.

Notes
Turn   | Place    | Note
-------+----------+-------------------------------------------
     0 | D:1      | Hubris850 the Merfolk Ice Elementalist began the quest for
                  | the Orb.
     0 | D:1      | Reached XP level 1. HP: 13/13 MP: 3/3
   479 | D:2      | Identified the +6 dagger "Kuagoppao" {freeze, Will+ Str+5
                  | Int+2}
   603 | D:1      | Reached XP level 2. HP: 19/20 MP: 5/5
   631 | D:1      | Reached skill level 1 in Short Blades
   842 | D:2      | Reached skill level 1 in Fighting
   936 | D:2      | Reached XP level 3. HP: 26/26 MP: 6/6
  1435 | D:2      | Found a faded altar of an unknown god.
  1901 | D:3      | Reached XP level 4. HP: 29/32 MP: 7/7
  1934 | D:3      | Found Testamme's Book Emporium.
  2020 | D:3      | Found Giblul's Weapon Boutique.
  2038 | D:3      | Bought 5 boomerangs for 120 gold pieces
  2350 | D:3      | Found Vaulelo's Magic Scroll Shoppe.
  2440 | D:4      | Found a runed translucent gate.
  2440 | D:4      | Found a runed translucent gate.
  2441 | D:4      | Found a runed translucent gate.
  2442 | D:4      | Noticed an orc warrior
  2443 | D:4      | Identified the +1 leather armour of Dangucup {rPois}
  2443 | D:4      | Noticed Hubris850's ghost (amateur MfIE)
  2699 | D:4      | Noticed a scorpion
  2719 | D:4      | HP: 1/33 [scorpion (6)]
  2720 | D:4      | Killed a scorpion
  2720 | D:4      | Succumbed to a scorpion's poison

Illustrated notes

Levels and vault maps discovered:
D:1:      dpeg_arrival_arbitrary_c, layout_loops_corners
D:2:      layout_basic, shapermc_ecumenical_altar_totnotflames
D:3:      layout_rooms, serial_shops, shop, shop, nicolae_shop_rolled_up,
          minmay_misc_feat_square, minmay_misc_feat_nine_boxes
D:4:      layout_rooms, nicolae_dithmenos_shadow_blocks,
          nicolae_wu_jian_wuxing_cycle, nicolae_ru_the_path_less_chosen,
          biasface_ghost_orc_armoury, serial_corexii_hall,
          corexii_hall_statues_l, corexii_hall_statues_t,
          chequers_hall_statues_corner_a, corexii_hall_statues_x

Skill      XL: |  1  2  3  4 |
---------------+-------------+-----
Dodging        | 3 |  3.9
Short Blades   | 1 2 |  2.2
Fighting       | 1 2 |  2.0
Stealth        | 3 |  3.3
Throwing       | |  0.7
Spellcasting   | |  2.0
Ice Magic      | |  4.3

Action                     |  1- 3 |  4- 6 || total
---------------------------+-------+-------++-------
  Melee: Dagger            |    47 |    44 ||    91
         Unarmed           |     7 |       ||     7
         Punch             |       |     1 ||     1
  Throw: Boomerang         |       |     5 ||     5
   Cast: Freeze            |     4 |       ||     4
    Use: Potion            |       |     1 ||     1
   Stab: Sleeping          |     6 |     1 ||     7
 Armour: Leather armour    |    23 |    21 ||    44
         Robe              |     2 |       ||     2
  Dodge: Dodged            |    46 |    26 ||    72

Table legend: (Time is in decaauts)
 A = Elapsed time spent in this place.
 B = Non-inter-level travel time spent in this place.
 C = Inter-level travel time spent in this place.
 D = Time resting spent in this place.
 E = Time spent auto-exploring this place.
 F = Levels seen in this place.
 G = Mean time per level.
                   A        B        C        D        E       F      G
               +--------+--------+--------+--------+--------+-----+--------+
         Total |   2715 |   2622 |     93 |    107 |   2104 |   4 |  678.8 |
       Dungeon |   2715 |   2622 |     93 |    107 |   2104 |   4 |  678.8 |
               +--------+--------+--------+--------+--------+-----+--------+

Top non-repeatable levels by time:
     D:2: 941 daAuts
     D:1: 822 daAuts
     D:3: 739 daAuts
     D:4: 213 daAuts
